 Dungeon Crawl Stone Soup version 0.21.1-1-g345015f (webtiles) character file.

136 n0claF the Skirmisher (level 5, -4/85 HPs)
             Began as an Ogre Berserker on June 14, 2018.
             Was a Follower of Trog.
             Slain by a gnoll
             ... wielding a +0 halberd
              (10 damage)
             ... on level 2 of the Dungeon.
             The game lasted 00:02:59 (1400 turns).

n0claF the Skirmisher (Ogre Berserker)              Turns: 1400, Time: 00:03:00

Health: -4/85      AC:  3    Str: 27    XL:     5   Next: 19%
Magic:  5/5        EV: 10    Int:  8    God:    Trog [*.....]
Gold:   61         SH:  0    Dex:  8    Spells: 4/4 levels left

rFire    . . .     SeeInvis .   a - +0 mace
rCold    . . .     Gourm    .   (no shield)
rNeg     . . .     Faith    .   b - +0 animal skin
rPois    .         Spirit   .   (helmet restricted)
rElec    .         Reflect  .   (no cloak)
rCorr    .         Harm     .   (gloves unavailable)
MR       .....                  (boots unavailable)
Stlth    ..........             (no amulet)
HPRegen  0.24/turn              (no ring)
MPRegen  0.09/turn              (no ring)

@: berserking, very quick
A: large, unfitting armour, tough skin 1
a: Berserk, Burn Spellbooks, Renounce Religion


You were on level 2 of the Dungeon.
You worshipped Trog.
Trog was aware of your devotion.
You were hungry.

You visited 1 branch of the dungeon, and saw 2 of its levels.

You collected 61 gold pieces.

Inventory:

Hand Weapons
 a - a +0 mace (weapon)
Armour
 b - a +0 animal skin (worn)
Jewellery
 d - a +3 ring of dexterity {unknown}
   (You found it on level 1 of the Dungeon)
Scrolls
 c - a scroll of magic mapping {unknown}
 f - a scroll of random uselessness {unknown}
 h - 2 scrolls of fog {unknown}
 j - a scroll of teleportation {unknown}
 l - a scroll of remove curse {unknown}
Potions
 g - a potion of lignification {unknown}
 k - a potion of magic {unknown}
Comestibles
 e - 7 rations {!d}
 i - 2 chunks of flesh


   Skills:
 + Level 5.4 Fighting
 + Level 3.7 Maces & Flails
 + Level 3.6 Dodging


You had 4 spell levels left.
You didn't know any spells.

Dungeon Overview and Level Annotations

Branches:
Dungeon (2/15)

Altars:
Fedhas


Innate Abilities, Weirdness & Mutations

You are too large for most types of armour.
You have tough skin. (AC +1)


Message History

The ooze quivers.
You feel sick. The ooze hits you but does no damage.
You sock the ooze! The ooze barely misses you.
You hit the ooze.
You kill the ooze!
Trog accepts your kill.
No target in view!
You feel sick.
You are no longer poisoned.
Found a stone staircase leading down and a stone staircase leading up.
There is a stone staircase leading down here.
Some of the chunks of flesh in your inventory have rotted away.
Found 12 sling bullets. 2 gnolls come into view.
A gnoll is wielding a whip of venom.
The gnoll shouts! x2; You hear a shout!
Found a mace.
A gnoll comes into view. It is wielding a whip.
You see here 12 sling bullets.
A gnoll comes into view. It is wielding a spear of pain.
The gnoll shouts! x2
The gnoll moves out of view.
You see here 12 sling bullets.
You see here 12 sling bullets.
You hit the gnoll.
The gnoll hits you from afar with a spear of pain.
The gnoll closely misses you.
The gnoll hits you from afar with a halberd!
* * * LOW HITPOINT WARNING * * *
The gnoll hits you from afar with a spear of pain.
* * * LOW HITPOINT WARNING * * *
A red film seems to cover your vision as you go berserk!
You feel yourself moving faster!
You feel mighty!
You are feeling hungry.
The gnoll hits you with a whip!
* * * LOW HITPOINT WARNING * * *
The gnoll hits you from afar with a halberd!
* * * LOW HITPOINT WARNING * * *
The gnoll hits you from afar with a spear of pain!
* * * LOW HITPOINT WARNING * * *
You writhe in agony.
* * * LOW HITPOINT WARNING * * *
You are too injured to fight recklessly!
You are too injured to fight recklessly!
You are too injured to fight recklessly!
You are too injured to fight recklessly!
You are too injured to fight recklessly!
You hit the gnoll. The gnoll hits you with a whip.
* * * LOW HITPOINT WARNING * * *
The gnoll hits you from afar with a halberd!
You die...

........#####.#
##.####.# #.# #
#.# #.# #.# #.#
..# #.# #.# #.#
#. #.#
#)####g#####.#
#.....gg@....#
..####g#######
... ####


You could see 4 gnolls.

Vanquished Creatures
  Natasha (thrice) (D:2)
  3 adders (D:2)
  2 oozes
  A worm (D:2)
  A leopard gecko (D:2)
  A giant cockroach (D:2)
  7 goblins
  2 hobgoblins
  5 kobolds
  A bat (D:2)
  A frilled lizard (D:1)
  A rat (D:1)
28 creatures vanquished.

Notes
Turn   | Place    | Note
-------+----------+-------------------------------------------
     0 | D:1      | n0claF the Ogre Berserker began the quest for the Orb.
     0 | D:1      | Reached XP level 1. HP: 24/24 MP: 1/1
   109 | D:1      | Reached XP level 2. HP: 31/32 MP: 2/2
   600 | D:2      | Noticed Natasha
   603 | D:2      | Found a blossoming altar of Fedhas.
   609 | D:2      | Killed Natasha
   609 | D:2      | Reached XP level 3. HP: 22/40 MP: 3/3
   779 | D:2      | Reached XP level 4. HP: 17/49 MP: 4/4
   885 | D:2      | Noticed Natasha
   898 | D:2      | Killed Natasha
   898 | D:2      | Reached skill level 5 in Fighting
  1139 | D:2      | Noticed Natasha
  1144 | D:2      | Killed Natasha
  1153 | D:2      | Reached XP level 5. HP: 41/57 MP: 5/5
  1400 | D:2      | Slain by a gnoll

Skill      XL: |  1  2  3  4 |
---------------+-------------+-----
Maces & Flails | 3 |  3.7
Dodging        | 3 |  3.6
Fighting       | 5 |  5.4

Action                   |  1- 3 |  4- 6 || total
-------------------------+-------+-------++-------
Melee: Mace              |    53 |    43 ||    96
Invok: Berserk           |     2 |     3 ||     5
  Eat: Chunk             |     1 |     1 ||     2
       Ration            |       |     1 ||     1
Armor: Animal skin       |    17 |    11 ||    28
Dodge: Dodged            |    27 |    15 ||    42
